Ny, chaotic male orcish Ranger ----------- ##..........| # |.........| ####..........| ------------- # |..[......| |`.........`|### |........<| |.....`.....|# ----|------ |...-----...|# # | |...|.{.|...|# # |. |..`.{.{|`...# |..>....[.. i@d# |...|.{.|...| ---------- # |...-----...| ###|.....`.....| #-`.........`| ------------- Ny the Lookout Experience level: 4 Strength: 14 Dexterity: 11 Constitution: 14 Intelligence: 15 Wisdom: 13 Charisma: 8 Health: 0(24) Energy: 15(15) Def: 3 Gold: 608 Moves: 1425 Dungeon seed: R1SA6R-D9WypMh-0 Game ID: Ny_1500667992 Your Inventory: Coins $ - 608 gold pieces Weapons a - a +1 orcish dagger (weapon in hand) b - a +1 orcish bow (alternate weapon; not wielded) c - 51 +2 orcish arrows (in quiver) d - 37 +0 orcish arrows r - a +0 elven dagger t - a blessed +1 dart u - a +0 dart D - a +0 battle-axe Armor e - a blessed +2 cloak of displacement (being worn) Comestibles f - 4 uncursed cram rations g - an uncursed apricot m - 2 uncursed lichen corpses F - an uncursed lembas wafer I - an uncursed food ration Scrolls n - an uncursed scroll of earth C - a blessed scroll of gold detection G - an uncursed scroll of identify Spellbooks B - an uncursed spellbook of healing Potions i - an uncursed potion of gain ability E - an uncursed potion of monster detection Rings q - an uncursed ring of teleport control Tools l - an uncursed lock pick p - a +0 pick-axe Gems y - an uncursed worthless piece of red glass z - 2 uncursed chrysoberyl stones Spells and supernatural/magical abilities: Name Level Category Fail Memory h - healing 1 healing 50% 99% W - pray for help -- divine ? -- Your skills at the end: Fighting Skills Weapon Skills dagger [Basic] bow [Basic] Spellcasting Skills Final Attributes: You were piously aligned. You were poison resistant. You had automatic searching. You had infravision. You were displaced. You are dead. Vanquished creatures: a little dog a dwarf zombie an acid blob a hobbit 5 manes a giant rat a brown mold a green mold 5 geckos 11 jackals a kobold 2 grid bugs 2 bats 6 lichens 2 newts 41 creatures vanquished. Voluntary challenges: You used a wielded weapon 65 times, starting on turn 6. You read items or engraved 3 times, starting on turn 375. You never genocided any monsters. You never polymorphed an object. You never changed form. You used no wishes. You never split a pudding. You never wrote Elbereth's name. You never violated your personal moral code. Dungeon overview: The Dungeons of Doom: levels 1 to 6 Level 1 a long staircase Level 2 Level 3 an altar to Venus, a fountain Level 4 an altar to Mars a long staircase Level 5 an altar to Mars Level 6 <- You were here many fountains History has recorded: On T:1 you entered the Dungeons of Doom to retrieve the Amulet of Yendor! On T:194 you reached level 2 of The Dungeons of Doom. On T:270 you advanced to experience level 2. On T:345 you reached level 3 of The Dungeons of Doom. On T:623 you advanced to experience level 3. On T:827 you reached level 4 of The Dungeons of Doom. On T:1014 you reached level 5 of The Dungeons of Doom. On T:1035 you advanced to experience level 4. On T:1336 you reached level 6 of The Dungeons of Doom. Score breakdown: Gold: 608 ( 9472 points) Experience: 4 levels ( 9649 points) Exploration: 6 levels ( 12.50%) ( 9784 points) Discoveries: 1 item ( 0.35%) ( 1767 points) Valuables value: (no points given unless you survive) Artifact value: 0 ( 0 points) Variety of kills: 15 monsters ( 3.94%) ( 5952 points) Turncount: 1425 turns ( 0 points) Survival: died (score multiplied by 80%) Total score: 29299 Latest messages: You hear some noises. You destroy the manes! Lyll misses the manes. You destroy the manes! You miss the manes. You feel more confident in your weapon skills. You destroy the manes! You miss the manes. The manes just misses! The manes hits! The manes bites! You hit the manes. You miss the manes. (2x) You destroy the manes! The manes hits! (2x) The manes bites! You hit the manes. You destroy the manes! You hit the manes. You miss the manes. The manes hits! (2x) You die... Final status: Goodbye Ny the Ranger, killed by a manes... You died in The Dungeons of Doom on dungeon level 6 with 29299 points, and 608 pieces of gold, after 1425 moves. You were level 4 with a maximum of 24 hit points when you died.